[Event "42nd Olympiad Baku 2016 Women"]
[Site "Baku"]
[Date "2016.09.05"]
[Round "4.29"]
[White "Mwango, Lorita"]
[Black "Geldiyeva, Mahri"]
[Result "0-1"]
[ECO "D12"]
[WhiteElo "1935"]
[BlackElo "2285"]
[Annotator ""]
[PlyCount "106"]
[EventDate "2016.??.??"]
[EventCountry "AZE"]
[SourceTitle "playchess.com"]
[Source "ChessBase"]
[WhiteTeam "Zambia"]
[BlackTeam "Turkmenistan"]
[WhiteTeamCountry "ZAM"]
[BlackTeamCountry "TKM"]
[TimeControl "40/5400+30:1800+30"]

1. d4 {(00:00)} d5 {(00:00)} 2. c4 {(00:29)} c6 {(
00:30)} 3. e3 {(01:40)} Nf6 {(00:57)} 4. Nf3 {(00:13)} Bf5
{(01:48)} 5. Nc3 {(00:27)} e6 {(00:31)} 6. Be2 {(
00:53)} Bd6 {(00:54)} 7. O-O {(00:50)} Nbd7 {(01:43)} 8.
Bd2 {(06:42)} Qb8 {(07:03)} 9. Rc1 {(01:18)} Ne4 {(
02:02)} 10. h3 {(05:35)} Ndf6 {(07:24)} 11. cxd5 {(00:38)}
exd5 {(00:19)} 12. Be1 {(03:33)} O-O {(04:04)} 13. Nh4 {
(00:53)} Bd7 {(01:01)} 14. f4 {(02:16)} Re8 {(14:
56)} 15. a3 {(01:20)} Qd8 {(05:34)} 16. Nf3 {(01:27)} Nxc3
{(02:22)} 17. Rxc3 {(00:20)} Ne4 {(01:22)} 18. Rc1 {
(00:21)} f6 {(01:36)} 19. Bd3 {(02:05)} Qe7 {(00:
38)} 20. Qc2 {(05:46)} Bf5 {(10:42)} 21. Nh4 {(02:37)} Bc8
{(03:32)} 22. Nf3 {(00:13)} Kh8 {(01:55)} 23. Nd2 {
(04:44)} Bf5 {(02:34)} 24. Rf3 {(01:35)} Bg6 {(02:
51)} 25. g4 {(09:08)} f5 {(06:30)} 26. Bxe4 {(00:30)} fxe4
{(00:37)} 27. Rf1 {(00:56)} Rf8 {(01:27)} 28. Bg3 {
(00:24)} Rac8 {(01:23)} 29. Nb3 {(00:22)} b6 {(01:
21)} 30. Qd2 {(00:42)} Bf7 {(01:30)} 31. Rc2 {(02:56)} c5
{(05:25)} 32. Qe1 {(02:11)} Be8 {(01:49)} 33. Rff2 {
(03:59)} Ba4 {(01:48)} 34. Rc3 {(01:12)} Bxb3 {(00:
38)} 35. Rxb3 {(00:14)} cxd4 {(00:04)} 36. exd4 {(00:28)}
Rc4 {(00:45)} 37. Qe3 {(08:47)} Qf6 {(00:04)} 38. Rd2 {
(01:55)} g5 {(03:29)} 39. f5 {(02:21)} Bxg3 {(00:
21)} 40. Qxg3 {(00:00)} Rxd4 {(00:00)} 41. Re2 {(03:08)}
Rd1+ {(03:45)} 42. Kf2 {(00:42)} Rc8 {(02:11)} 43. Rbe3 {
(02:44)} h5 {(06:13)} 44. Qh2 {(00:20)} h4 {(00:26]
} 45. Kg2 {(01:32)} Kg7 {(01:45)} 46. Kf2 {(00:22)} Rb1 {
(00:30)} 47. b4 {(00:23)} Rb2 {(01:11)} 48. Qh1 {(
00:43)} Rxe2+ {(00:31)} 49. Rxe2 {(00:22)} Qd4+ {(00:43)}
50. Kg2 {(00:03)} Qd3 {(01:20)} 51. Qe1 {(04:56)} Rc3 {
(00:35)} 52. Qd2 {(00:29)} Qxh3+ {(00:59)} 53. Kg1 {
(00:12)} Rg3+ {(00:13)} 0-1

[Event "42nd Olympiad Baku 2016 Women"]
[Site "Baku"]
[Date "2016.09.05"]
[Round "4.11"]
[White "Myronenko, Natalya"]
[Black "Alaoui Belghiti, Chaimaa"]
[Result "1-0"]
[ECO "B12"]
[WhiteElo "1922"]
[BlackElo "1654"]
[Annotator ""]
[PlyCount "39"]
[EventDate "2016.??.??"]
[EventCountry "AZE"]
[SourceTitle "playchess.com"]
[Source "ChessBase"]
[WhiteTeam "ICCD"]
[BlackTeam "MAR"]
[WhiteTeamCountry "UKR"]
[BlackTeamCountry "MAR"]
[TimeControl "40/5400+30:1800+30"]

1. e4 {(00:00)} c6 {(00:00)} 2. d4 {(00:25)} d5 {(
00:00)} 3. e5 {(02:32)} Bf5 {(00:19)} 4. Nf3 {(01:04)} e6
{(00:30)} 5. c4 {(03:25)} dxc4 {(06:35)} 6. Bxc4 {(
00:34)} Bg4 {(00:50)} 7. Be3 {(03:08)} Bb4+ {(02:40)} 8.
Nc3 {(00:41)} Ne7 {(01:59)} 9. O-O {(01:15)} O-O {(
00:52)} 10. a3 {(00:26)} Ba5 {(02:01)} 11. Ne4 {(02:14)}
Nf5 {(03:39)} 12. h3 {(01:24)} Bxf3 {(03:43)} 13. Qxf3 {
(03:06)} Bb6 {(08:26)} 14. Rad1 {(05:56)} Nh4 {(04:
04)} 15. Qg4 {(00:38)} Nf5 {(01:17)} 16. Bg5 {(03:54)} Ne7
{(10:16)} 17. Nf6+ {(03:46)} Kh8 {(14:27)} 18. Qh4 {
(00:29)} gxf6 {(00:30)} 19. Bxf6+ {(00:09)} Kg8 {(
00:08)} 20. Qg5+ {(00:31)} 1-0

[Event "42nd Olympiad Baku 2016 Women"]
[Site "Baku"]
[Date "2016.09.05"]
[Round "4.24"]
[White "Narva, Regina"]
[Black "Wadima Humaid S H AlKalbani"]
[Result "1/2-1/2"]
[ECO "C26"]
[WhiteElo "2009"]
[BlackElo "1606"]
[Annotator ""]
[PlyCount "64"]
[EventDate "2016.??.??"]
[EventCountry "AZE"]
[SourceTitle "playchess.com"]
[Source "ChessBase"]
[WhiteTeam "Estonia"]
[BlackTeam "United Arab Emirates"]
[WhiteTeamCountry "EST"]
[BlackTeamCountry "UAE"]
[TimeControl "40/5400+30:1800+30"]

1. e4 {(00:00)} e5 {(00:00)} 2. Nc3 {(00:15)} Nf6 {
(00:00)} 3. g3 {(00:59)} Bc5 {(00:00)} 4. Bg2 {(01:
18)} d6 {(00:00)} 5. h3 {(05:36)} Nc6 {(00:03)} 6. Nge2 {
(01:47)} a6 {(00:25)} 7. O-O {(02:47)} Be6 {(00:14]
} 8. d3 {(06:23)} Qe7 {(02:11)} 9. a3 {(02:35)} h6 {
(00:37)} 10. b4 {(02:56)} Ba7 {(00:05)} 11. Rb1 {(
01:32)} g5 {(01:54)} 12. Nd5 {(07:24)} Bxd5 {(04:57)} 13.
exd5 {(00:06)} Nd4 {(00:08)} 14. Nxd4 {(03:54)} Bxd4 {
(00:09)} 15. Bd2 {(03:40)} O-O {(12:41)} 16. c3 {(
26:07)} Bb6 {(02:27)} 17. Be3 {(06:58)} Rac8 {(04:27)} 18.
Qf3 {(02:05)} Nh7 {(01:43)} 19. Qf5 {(02:19)} Qf6 {
(00:35)} 20. Be4 {(01:10)} Qxf5 {(00:42)} 21. Bxf5 {
(00:07)} Rce8 {(00:10)} 22. c4 {(01:58)} Bxe3 {(00:
59)} 23. fxe3 {(00:03)} Re7 {(00:14)} 24. Rf2 {(03:44)}
Nf6 {(06:13)} 25. Rbf1 {(02:37)} Nh5 {(05:59)} 26. Kg2 {
(00:52)} Ng7 {(00:05)} 27. Bg6 {(01:29)} Ne8 {(01:
48)} 28. Bf5 {(02:05)} Ng7 {(00:02)} 29. Bg6 {(00:44)} Ne8
{(00:05)} 30. Bh5 {(01:52)} Ng7 {(01:36)} 31. Bg6 {
(02:40)} Ne8 {(00:12)} 32. Bf5 {(00:49)} Ng7 {(00:
09)} 1/2-1/2

[Event "42nd Olympiad Baku 2016 Women"]
[Site "Baku"]
[Date "2016.09.05"]
[Round "4.8"]
[White "Navrotescu, Andreea-Cristiana"]
[Black "Gaponenko, Inna"]
[Result "1/2-1/2"]
[ECO "D71"]
[WhiteElo "2235"]
[BlackElo "2416"]
[Annotator ""]
[PlyCount "109"]
[EventDate "2016.??.??"]
[EventCountry "AZE"]
[SourceTitle "playchess.com"]
[Source "ChessBase"]
[WhiteTeam "France"]
[BlackTeam "Ukraine"]
[WhiteTeamCountry "FRA"]
[BlackTeamCountry "UKR"]
[TimeControl "40/5400+30:1800+30"]

1. d4 {(00:00)} Nf6 {(00:00)} 2. c4 {(00:00)} g6 {(
00:00)} 3. g3 {(00:00)} c5 {(09:52)} 4. Nf3 {(00:06)} Bg7
{(03:26)} 5. Bg2 {(00:20)} Qa5+ {(02:00)} 6. Nbd2 {
(07:27)} cxd4 {(04:26)} 7. O-O {(01:44)} Nc6 {(34:
21)} 8. Nb3 Qa4 {(04:22)} 9. c5 {(13:12)} e5 {(03:48)} 10.
e3 {(00:27)} dxe3 {(07:14)} 11. Bxe3 {(00:50)} O-O {
(00:08)} 12. h3 {(06:12)} Re8 {(05:46)} 13. Nfd2 {(
04:55)} b6 {(05:24)} 14. Nb1 {(13:41)} Ba6 {(04:19)} 15.
Nc3 {(00:17)} Qb4 {(00:25)} 16. Re1 {(04:16)} Bc4 {
(00:40)} 17. Nd2 {(12:02)} Be6 {(00:17)} 18. a3 {(
07:01)} Qa5 {(00:28)} 19. b4 Qa6 {(00:14)} 20. b5 {(10:24]
} Qa5 {(00:06)} 21. bxc6 Qxc3 {(00:08)} 22. cxd7 {(02:07)}
Bxd7 {(01:16)} 23. Bxa8 {(04:21)} Rxa8 {(00:04)} 24. Ne4 {
(00:26)} Nxe4 {(00:24)} 25. Qxd7 {(00:03)} Nxc5 {(
00:30)} 26. Qc6 {(00:20)} Rf8 {(03:20)} 27. Rec1 {(03:47)}
Qd3 {(02:22)} 28. Bxc5 {(01:57)} bxc5 {(00:04)} 29. Rd1 {
(00:12)} Qc3 {(04:34)} 30. a4 {(00:56)} e4 {(02:31]
} 31. Rac1 {(01:26)} Qb3 {(01:37)} 32. Qxc5 {(01:36)} Qxa4
{(00:16)} 33. Qc4 {(02:36)} Qxc4 {(01:05)} 34. Rxc4 {
(00:01)} Re8 {(00:30)} 35. Rd7 {(00:31)} a5 {(00:
44)} 36. Ra7 {(00:10)} Bf8 {(00:35)} 37. Rxa5 {(00:08)} e3
{(00:09)} 38. fxe3 {(00:01)} Rxe3 {(00:05)} 39. Kf2 {
(00:21)} Re6 {(00:42)} 40. g4 {(00:00)} Kg7 {(00:
00)} 41. Kf3 {(02:47)} Rb6 {(15:02)} 42. Rf4 {(01:36)} Bd6
{(02:00)} 43. Rd4 {(00:17)} Rb3+ {(02:42)} 44. Ke4 {
(05:36)} Bc7 {(05:38)} 45. Ra7 {(00:01)} Bb8 {(00:
04)} 46. Ra8 {(04:03)} h6 {(02:36)} 47. Rd7 {(08:49)} Rb4+
{(02:41)} 48. Kd5 {(00:53)} Rb3 {(01:31)} 49. Kc4 {
(00:15)} Rb1 {(00:08)} 50. Rd3 {(01:49)} Be5 {(02:
24)} 51. Rf3 {(01:18)} Rb7 {(00:37)} 52. Kd5 {(00:20)} Bf6
{(00:35)} 53. Ra6 {(01:26)} Bg5 {(00:59)} 54. Rd6 {
(00:39)} Ra7 {(00:16)} 55. Rc6 1/2-1/2

[Event "42nd Olympiad Baku 2016 Women"]
[Site "Baku"]
[Date "2016.09.05"]
[Round "4.1"]
[White "Nazarova, Anastasia"]
[Black "Larrea, Daniela"]
[Result "1-0"]
[ECO "B07"]
[WhiteElo "1897"]
[BlackElo "1778"]
[Annotator ""]
[PlyCount "103"]
[EventDate "2016.??.??"]
[EventCountry "AZE"]
[SourceTitle "playchess.com"]
[Source "ChessBase"]
[WhiteTeam "Finland"]
[BlackTeam "Uruguay"]
[WhiteTeamCountry "FIN"]
[BlackTeamCountry "URU"]
[TimeControl "40/5400+30:1800+30"]

1. e4 {(00:00)} d6 {(00:00)} 2. d4 {(00:00)} Nf6 {(
00:00)} 3. Nc3 {(00:00)} e5 {(00:00)} 4. dxe5 {(00:00)}
dxe5 {(00:00)} 5. Qxd8+ {(00:00)} Kxd8 {(00:00)} 6. Bc4 {
(00:00)} Be6 {(00:00)} 7. Bxe6 {(00:02)} fxe6 {(00:
04)} 8. Be3 {(01:46)} Bd6 {(01:36)} 9. f3 {(01:36)} a6 {
(00:15)} 10. Nh3 {(02:30)} Nbd7 {(01:39)} 11. Nf2 {
(00:18)} Ke7 {(02:30)} 12. Nd3 {(01:06)} b5 {(02:
03)} 13. a4 {(09:13)} b4 {(03:22)} 14. Nb1 {(00:27)} Rhb8
{(17:45)} 15. b3 {(04:45)} a5 {(06:07)} 16. Nd2 {(
00:23)} Nb6 {(01:00)} 17. Rd1 {(08:02)} Nfd7 {(00:35)} 18.
Ke2 {(00:08)} h6 {(00:55)} 19. Nb2 {(04:20)} Ra6 {(
13:13)} 20. Ndc4 {(04:50)} Nxc4 {(01:08)} 21. Nxc4 {(00:
06)} Rd8 {(00:58)} 22. Rd2 {(01:07)} Nb6 {(01:14)} 23.
Bxb6 {(00:46)} cxb6 {(00:23)} 24. Rhd1 {(00:06)} Bc7 {
(05:56)} 25. Rxd8 {(00:05)} Bxd8 {(00:05)} 26. Nxe5 {
(00:13)} Ra8 {(06:13)} 27. Rd7+ {(05:23)} Kf8 {(03:
23)} 28. Ng6+ {(01:09)} Kg8 {(01:16)} 29. Nf4 {(02:36)} e5
{(02:24)} 30. Nd5 {(00:11)} Rc8 {(01:19)} 31. Kd1 {
(00:23)} Rb8 {(03:00)} 32. Ne3 {(11:15)} Bf6 {(08:
25)} 33. Nc4 {(00:08)} b5 {(00:30)} 34. axb5 {(00:05)}
Rxb5 {(00:27)} 35. Ra7 {(00:11)} Kf8 {(03:29)} 36. Rxa5 {
(08:39)} Rxa5 {(00:33)} 37. Nxa5 {(00:09)} Be7 {(
00:08)} 38. Nc4 {(00:04)} Bf6 {(00:32)} 39. Nb6 {(00:40)}
Be7 {(04:54)} 40. Nd7+ {(00:00)} Ke8 {(00:00)} 41. Nxe5 {
(00:22)} Bd6 {(00:41)} 42. Nd3 {(00:11)} Kd7 {(00:
50)} 43. Ke2 {(01:42)} Ke6 {(00:49)} 44. f4 {(00:38)} Kd7
{(02:39)} 45. Kf3 {(00:16)} Kc6 {(00:47)} 46. e5 {(
00:16)} Be7 {(01:00)} 47. Ke4 {(00:04)} g6 {(00:24)} 48.
g4 {(00:09)} h5 {(00:48)} 49. h3 {(00:13)} hxg4 {(
00:53)} 50. hxg4 {(00:03)} g5 {(00:25)} 51. f5 {(00:13)}
Bf8 {(00:40)} 52. f6 {(00:11] Kd5+} 1-0

[Event "42nd Olympiad Baku 2016 Women"]
[Site "Baku"]
[Date "2016.09.05"]
[Round "4.2"]
[White "Newrkla, Katharina"]
[Black "Tokhirjonova, Gulrukhbegim"]
[Result "1/2-1/2"]
[ECO "C11"]
[WhiteElo "2214"]
[BlackElo "2289"]
[Annotator ""]
[PlyCount "124"]
[EventDate "2016.??.??"]
[EventCountry "AZE"]
[SourceTitle "playchess.com"]
[Source "ChessBase"]
[WhiteTeam "Austria"]
[BlackTeam "Uzbekistan"]
[WhiteTeamCountry "AUT"]
[BlackTeamCountry "UZB"]
[TimeControl "40/5400+30:1800+30"]

1. e4 {(00:00)} e6 {(00:00)} 2. d4 {(00:00)} d5 {(
00:00)} 3. Nc3 {(00:00)} Nf6 {(00:02)} 4. e5 {(00:00)}
Nfd7 {(00:07)} 5. f4 {(00:00)} c5 {(00:15)} 6. Nf3 {
(00:04)} Nc6 {(00:45)} 7. Be3 {(00:07)} a6 {(00:47]
} 8. Qd2 {(00:57)} b5 {(00:27)} 9. a3 {(04:04)} Bb7 {
(03:02)} 10. f5 {(27:14)} Qb6 {(23:35)} 11. fxe6 {(
06:16)} fxe6 {(00:14)} 12. Ne2 {(00:08)} cxd4 {(08:13)}
13. Nexd4 {(00:19)} Bc5 {(00:44)} 14. b4 {(04:36)} Bxd4 {
(03:44)} 15. Nxd4 {(01:12)} Nxd4 {(01:04)} 16. Bxd4 {
(05:10)} Qc7 {(04:01)} 17. Qe3 {(01:01)} O-O {(09:
32)} 18. Bd3 {(01:06)} Rf7 {(04:05)} 19. Kd2 {(05:35)} Qd8
{(10:21)} 20. Qg3 {(11:17)} Qe7 {(01:11)} 21. Rhf1 {
(03:15)} Raf8 {(01:53)} 22. Qh3 {(10:11)} g6 {(05:
30)} 23. Qg3 {(01:15)} Rxf1 {(02:12)} 24. Rxf1 {(00:05)}
Rxf1 {(00:09)} 25. Bxf1 {(00:03)} Nb8 {(00:35)} 26. Bc5 {
(04:26)} Qg7 {(00:20)} 27. Qf4 {(04:47)} Nc6 {(01:
45)} 28. Bd6 {(00:19)} d4 {(04:22)} 29. h4 {(04:30)} Ne7 {
(05:58)} 30. g4 {(00:34)} Nd5 {(01:46)} 31. Qxd4 {(
00:52)} g5 {(00:25)} 32. h5 {(03:15)} Qf7 {(00:06)} 33.
Be2 {(00:26)} Nf4 {(00:40)} 34. Qb6 {(02:36)} Kg7 {
(03:35)} 35. Qd8 {(00:09)} h6 {(00:07)} 36. Be7 {(
00:41)} Nd5 {(00:16)} 37. Bf6+ {(01:14)} Nxf6 {(00:07)}
38. exf6+ {(00:03)} Qxf6 {(00:07)} 39. Qc7+ {(00:24)} Qf7
{(00:08)} 40. Qe5+ {(00:00)} Qf6 {(00:00)} 41. Qc7+ {
(03:08)} Qf7 {(01:53)} 42. Qxf7+ {(16:55)} Kxf7 {(
00:12)} 43. Ke3 {(00:04)} Ke7 {(08:56)} 44. c4 {(11:56)}
bxc4 {(00:56)} 45. Bxc4 {(00:01)} Kd6 {(00:12)} 46. a4 {
(00:59)} Bc8 {(03:38)} 47. Be2 {(00:16)} Kd5 {(01:
02)} 48. Kd3 {(01:01)} Bd7 {(03:42)} 49. Ke3 {(00:59)}
Bxa4 {(03:05)} 50. Bxa6 {(00:20)} Bd7 {(05:27)} 51. Be2 {
(00:15)} Bc8 {(04:19)} 52. b5 {(00:05)} Kd6 {(01:
32)} 53. Ke4 {(00:31)} Bb7+ {(00:08)} 54. Kd4 {(00:50)}
Bd5 {(02:13)} 55. Ke3 {(00:13)} Kc5 {(00:37)} 56. Bd3 {
(00:32)} Bb3 {(00:38)} 57. Be2 {(00:36)} Bd5 {(00:
54)} 58. Bd3 {(00:04)} Bb3 {(00:16)} 59. Be2 {(00:18)} Bd5
{(00:18)} 60. Bd3 {(01:35)} Bb3 {(00:43)} 61. Be2 Bc2 62.
Kf2 Ba4 1/2-1/2

[Event "42nd Olympiad Baku 2016 Women"]
[Site "Baku"]
[Date "2016.09.05"]
[Round "4.7"]
[White "Nguyen, Thi Mai Hung"]
[Black "Matnadze, Ana"]
[Result "1/2-1/2"]
[ECO "E06"]
[WhiteElo "2316"]
[BlackElo "2383"]
[Annotator ""]
[PlyCount "80"]
[EventDate "2016.??.??"]
[EventCountry "AZE"]
[SourceTitle "playchess.com"]
[Source "ChessBase"]
[WhiteTeam "Vietnam"]
[BlackTeam "Spain"]
[WhiteTeamCountry "VIE"]
[BlackTeamCountry "ESP"]
[TimeControl "40/5400+30:1800+30"]

1. d4 {(00:00)} Nf6 {(00:00)} 2. c4 {(00:02)} e6 {(
00:07)} 3. g3 {(00:53)} d5 {(05:45)} 4. Bg2 {(00:17)} Be7
{(01:04)} 5. Nf3 {(00:39)} O-O {(00:32)} 6. O-O {(
05:52)} b6 {(00:58)} 7. b3 {(04:02)} Bb7 {(00:15)} 8. Ne5
{(00:50)} c5 {(02:15)} 9. e3 {(01:02)} Qc7 {(01:55]
} 10. Bb2 {(05:34)} dxc4 {(01:27)} 11. bxc4 {(01:16)} cxd4
{(02:17)} 12. exd4 {(00:18)} Bxg2 {(00:47)} 13. Kxg2 {
(00:05)} Nc6 {(02:07)} 14. Nd2 {(08:59)} Rac8 {(07:
17)} 15. Rc1 {(03:52)} Nxe5 {(04:52)} 16. dxe5 {(00:09)}
Nd7 {(01:06)} 17. Qe2 {(02:23)} Nc5 {(03:15)} 18. Nb3 {
(05:34)} Rfd8 {(02:36)} 19. Nd4 {(04:45)} Qb7+ {(
06:11)} 20. f3 {(00:38)} Rd7 {(04:23)} 21. Rfd1 {(01:40)}
Rcd8 {(00:42)} 22. Ba1 {(03:40)} Bg5 {(10:16)} 23. Rb1 {
(01:23)} f6 {(07:58)} 24. exf6 {(11:00)} Bxf6 {(03:
35)} 25. Nb3 {(02:14)} Rxd1 {(07:00)} 26. Rxd1 {(03:17)}
Rxd1 {(00:39)} 27. Qxd1 {(02:11)} Bxa1 {(11:44)} 28. Nxa1
{(07:14)} Qa6 {(04:21)} 29. Qc2 {(00:45)} h6 {(04:
02)} 30. Nb3 {(01:31)} Qa4 {(00:12)} 31. Qe2 {(05:47)}
Nxb3 {(02:13)} 32. axb3 {(01:04)} Qxb3 {(00:20)} 33. Qxe6+
{(00:05)} Kh8 {(00:51)} 34. Qe8+ {(00:52)} Kh7 {(
00:02)} 35. Qe4+ {(00:07)} Kh8 {(00:09)} 36. Qa8+ {(00:09]
} Kh7 {(00:05)} 37. Qxa7 {(00:28)} Qc2+ {(00:05)} 38. Kg1
{(00:43)} Qd1+ {(00:33)} 39. Kg2 {(00:47)} Qe2+ {(
00:27)} 40. Kg1 {(00:00)} Qe1+ {(00:00)} 1/2-1/2

[Event "42nd Olympiad Baku 2016 Women"]
[Site "Baku"]
[Date "2016.09.05"]
[Round "4.19"]
[White "Nikolova, Adriana"]
[Black "Ramirez Gonzalez, Maria Jose"]
[Result "1-0"]
[ECO "C48"]
[WhiteElo "2358"]
[BlackElo "1859"]
[Annotator ""]
[PlyCount "117"]
[EventDate "2016.??.??"]
[EventCountry "AZE"]
[SourceTitle "playchess.com"]
[Source "ChessBase"]
[WhiteTeam "Bulgaria"]
[BlackTeam "Costa Rica"]
[WhiteTeamCountry "BUL"]
[BlackTeamCountry "CRI"]
[TimeControl "40/5400+30:1800+30"]

1. e4 {(00:00)} e5 {(00:00)} 2. Nf3 {(00:00)} Nc6 {
(00:00)} 3. Nc3 {(00:00)} Nf6 {(00:00)} 4. Bb5 {(
00:03)} Nd4 {(00:00)} 5. Be2 {(03:13)} Nxf3+ {(01:44)} 6.
Bxf3 {(00:21)} Bc5 {(00:58)} 7. d3 {(01:11)} c6 {(
07:11)} 8. Qe2 {(00:49)} Qe7 {(10:35)} 9. Bd2 {(01:32)} b5
{(05:42)} 10. g4 {(04:02)} d6 {(12:44)} 11. a4 {(
09:17)} b4 {(04:10)} 12. Nd1 {(00:25)} a5 {(01:17)} 13.
Ne3 {(04:00)} Bxe3 {(04:06)} 14. Bxe3 {(00:22)} c5 {
(04:36)} 15. h4 {(02:44)} Ba6 {(05:44)} 16. g5 {(
01:13)} Nd7 {(03:31)} 17. b3 {(01:46)} Nf8 {(01:20)} 18.
Bg4 {(06:12)} Ne6 {(02:47)} 19. Qd2 {(00:17)} Nd4 {
(02:23)} 20. O-O-O {(06:03)} Bc8 {(08:02)} 21. Bxc8 {
(02:18)} Rxc8 {(00:01)} 22. f4 {(00:31)} Qb7 {(01:
54)} 23. fxe5 {(08:58)} dxe5 {(00:01)} 24. Qh2 {(00:32)}
Qe7 {(01:36)} 25. h5 {(03:11)} Rc6 {(02:01)} 26. Rdf1 {
(01:15)} Kd7 {(01:21)} 27. Rf2 {(02:42)} Rf8 {(05:
01)} 28. Rhf1 {(00:23)} Ke8 {(00:50)} 29. Kb2 {(04:24)}
Re6 {(00:51)} 30. Qh3 {(01:49)} Rc6 {(00:51)} 31. h6 {
(01:47)} g6 {(00:55)} 32. Rf6 {(01:23)} Ne6 {(01:
19)} 33. Qg3 {(01:38)} Qc7 {(00:58)} 34. Kb1 {(02:03)} Kd8
{(03:08)} 35. Bc1 {(04:08)} Nd4 {(01:09)} 36. Qf2 {
(05:46)} Rxf6 {(02:38)} 37. Qxf6+ {(00:12)} Qe7 {(
00:01)} 38. Qa6 {(02:08)} Qc7 {(00:47)} 39. Bb2 {(02:54)}
Ne6 {(00:28)} 40. Qa8+ {(00:00)} Ke7 {(00:00)} 41. Qd5 {
(03:36)} f6 {(11:08)} 42. gxf6+ {(11:29)} Rxf6 {(
00:17)} 43. Rg1 {(03:25)} Nd4 {(01:16)} 44. Bc1 {(00:59)}
Ne2 {(04:48)} 45. Qg8 {(02:09)} Rf7 {(12:57)} 46. Rxg6 {
(11:00)} hxg6 {(00:27)} 47. h7 {(00:10)} Rxh7 {(02:
28)} 48. Qxh7+ {(02:10)} Kd8 {(00:18)} 49. Bg5+ {(04:49)}
Kc8 {(00:48)} 50. Qxg6 {(03:53)} Nd4 {(00:52)} 51. Qg8+ {
(03:02)} Kb7 {(01:29)} 52. Qd5+ {(00:09)} Kc8 {(01:
39)} 53. Bf6 {(00:31)} Nf3 {(00:57)} 54. Kb2 {(00:23)} Kb8
{(00:52)} 55. Bd8 {(00:14)} Qa7 {(01:14)} 56. Qd6+ {
(01:23)} Kc8 {(00:44)} 57. Bb6 {(00:12)} Qd7 {(00:
28)} 58. Qxc5+ {(00:09)} Kb7 {(00:27)} 59. Bxa5 {(00:09)}
1-0

[Event "42nd Olympiad Baku 2016 Women"]
[Site "Baku"]
[Date "2016.09.05"]
[Round "4.15"]
[White "Nikolovska, Dragana"]
[Black "Deur Saric, Zrinka"]
[Result "0-1"]
[ECO "B22"]
[WhiteElo "1886"]
[BlackElo "2185"]
[Annotator ""]
[PlyCount "106"]
[EventDate "2016.??.??"]
[EventCountry "AZE"]
[SourceTitle "playchess.com"]
[Source "ChessBase"]
[WhiteTeam "Macedonia"]
[BlackTeam "Croatia"]
[WhiteTeamCountry "MKD"]
[BlackTeamCountry "CRO"]
[TimeControl "40/5400+30:1800+30"]

1. e4 {(00:00)} c5 {(00:00)} 2. c3 {(00:00)} d5 {(
00:00)} 3. exd5 {(00:00)} Qxd5 {(00:00)} 4. d4 {(00:00)}
g6 {(00:04)} 5. Nf3 {(10:51)} Bg7 {(00:28)} 6. Be2 {
(14:29)} Nf6 {(04:23)} 7. c4 {(08:20)} Qd6 {(03:05]
} 8. Nc3 {(00:37)} Na6 {(24:41)} 9. O-O {(08:02)} O-O {
(03:12)} 10. Nb5 {(08:58)} Qb8 {(03:46)} 11. Ne5 {(
05:25)} Nd7 {(04:02)} 12. Nf3 {(17:58)} cxd4 {(15:16)} 13.
Nfxd4 {(03:40)} Ndc5 {(04:12)} 14. Bg5 {(00:41)} f6 {
(07:06)} 15. Bh4 {(01:20)} e5 {(03:12)} 16. Nc2 {(
01:40)} Be6 {(02:51)} 17. Qc1 {(06:24)} Nc7 {(04:02)} 18.
Nd6 {(01:23)} Ne8 {(00:54)} 19. Nxe8 {(00:40)} Qxe8 {
(00:06)} 20. b4 {(01:00)} Na6 {(02:35)} 21. Rb1 {(
00:55)} Rc8 {(01:11)} 22. c5 {(00:21)} Qa4 {(02:50)} 23.
Bf3 {(03:56)} Nxc5 {(02:04)} 24. bxc5 {(01:41)} Qxh4 {
(01:41)} 25. Rb4 {(01:43)} Qg5 {(03:20)} 26. Qxg5 {
(01:57)} fxg5 {(00:02)} 27. Rxb7 {(00:12)} g4 {(02:
47)} 28. Be4 {(00:46)} Rf4 {(00:19)} 29. Re1 {(00:26)}
Rxc5 {(00:59)} 30. Bd3 {(00:51)} Ra4 {(02:12)} 31. Rb8+ {
(00:36)} Rc8 {(01:04)} 32. Rxc8+ {(00:22)} Bxc8 {(
00:01)} 33. a3 {(00:01)} Ba6 {(01:27)} 34. Bxa6 {(00:43)}
Rxa6 {(00:01)} 35. Kf1 {(00:54)} Rc6 {(00:26)} 36. Nb4 Rc3
{(00:59)} 37. Ra1 {(01:01)} Bf8 {(01:29)} 38. Ke2 {
(00:30)} a5 {(00:32)} 39. Nd5 {(00:32)} Rxa3 {(00:
40)} 40. Rxa3 {(00:00)} Bxa3 {(00:00)} 41. Ne3 {(09:28)}
a4 {(04:38)} 42. Kd3 {(02:40)} Bc1 {(04:46)} 43. Nd5 {
(10:02)} a3 {(04:02)} 44. Nb4 {(00:16)} Kf7 {(01:
10)} 45. Kc2 {(04:29)} Bb2 {(02:40)} 46. Nd3 {(00:28)} Bd4
{(03:50)} 47. Kb3 {(02:17)} e4 {(00:32)} 48. Nc1 {(
00:51)} Bc5 {(03:18)} 49. Ne2 {(01:42)} Kf6 {(00:33)} 50.
Nc3 {(01:20)} Ke5 {(00:23)} 51. Ne2 {(00:39)} g5 {(
00:54)} 52. Ka2 {(00:35)} Kd5 {(02:11)} 53. Kb3 {(00:13)}
Bxf2 {(00:51)} 0-1

[Event "42nd Olympiad Baku 2016 Women"]
[Site "Baku"]
[Date "2016.09.05"]
[Round "4.10"]
[White "Nkhoma Desiderata"]
[Black "Laubscher, Anzel"]
[Result "0-1"]
[ECO "B70"]
[WhiteElo "1375"]
[BlackElo "1814"]
[Annotator ""]
[PlyCount "82"]
[EventDate "2016.??.??"]
[EventCountry "AZE"]
[SourceTitle "playchess.com"]
[Source "ChessBase"]
[WhiteTeam "MAW"]
[BlackTeam "South Africa"]
[BlackTeamCountry "RSA"]
[TimeControl "40/5400+30:1800+30"]

1. e4 {(00:00)} c5 {(00:00)} 2. Nf3 {(00:00)} d6 {(
00:00)} 3. d4 {(00:48)} cxd4 {(00:00)} 4. Nxd4 {(00:12)}
Nf6 {(00:00)} 5. Nc3 {(00:24)} g6 {(00:08)} 6. Be2 {
(03:31)} Bg7 {(00:17)} 7. O-O {(01:06)} O-O {(00:
25)} 8. Be3 {(05:42)} Nc6 {(00:32)} 9. Nf3 {(02:46)} a6 {
(03:38)} 10. h3 {(01:26)} b5 {(01:09)} 11. Bd3 {(
02:36)} Bb7 {(03:14)} 12. Qd2 {(01:45)} Re8 {(01:30)} 13.
Bh6 {(07:30)} Bh8 {(00:35)} 14. a3 {(00:18)} Nd7 {(
06:15)} 15. Rad1 {(05:09)} Rc8 {(05:27)} 16. Ng5 {(04:17)}
Nce5 {(04:38)} 17. Qf4 {(12:36)} Nf6 {(02:43)} 18. Be2 {
(02:20)} e6 {(04:40)} 19. Rd2 {(05:58)} Qe7 {(04:
28)} 20. Rfd1 {(01:40)} Red8 {(14:28)} 21. Nf3 {(06:09)}
Nh5 {(07:08)} 22. Qe3 {(02:09)} Nc4 {(03:59)} 23. Bxc4 {
(04:54)} Rxc4 {(00:18)} 24. Qf4 {(02:12)} Nxf4 {(
00:46)} 25. Bxf4 {(00:13)} e5 {(02:48)} 26. Bg5 {(01:23)}
Bf6 {(01:09)} 27. Bh6 {(00:15)} Bxe4 {(01:10)} 28. Nh2 {
(04:44)} Bg5 {(01:29)} 29. Bxg5 {(05:35)} Qxg5 {(
01:04)} 30. Nxe4 {(00:13)} Rxe4 {(00:41)} 31. Nf3 {(02:30]
} Qf6 {(01:26)} 32. Nh2 {(02:40)} h5 {(03:35)} 33. g4 {
(03:34)} Rd4 {(00:54)} 34. Rxd4 {(01:05)} exd4 {(
03:27)} 35. Rd3 {(00:44)} Rc8 {(01:07)} 36. Rd2 {(00:42)}
Qf4 {(01:28)} 37. Nf1 {(00:52)} hxg4 {(00:49)} 38. hxg4 {
(01:24)} Qxg4+ {(00:12)} 39. Ng3 {(00:19)} Rxc2 {(
00:48)} 40. Rd3 {(00:00)} Qh3 {(00:00)} 41. Rd1 {(02:12)}
d3 {(01:17)} 0-1